 Dungeon Crawl Stone Soup version 0.28-a0-863-g8cecda6153 (webtiles) character file.

Game seed: 7118903018537526730

9 siradein the Skirmisher (level 2, -4/24 HPs)
             Began as a Demonspawn Chaos Knight on Nov 19, 2021.
             Was a Plaything of Xom.
             Slain by an iron imp (10 damage)
             ... summoned by Xom
             ... on level 1 of the Dungeon.
             The game lasted 00:01:46 (185 turns).

siradein the Skirmisher (Demonspawn Chaos Knight)    Turns: 185, Time: 00:01:46

Health: -4/24      AC:  5    Str: 12    XL:     2   Next: 3%
Magic:  2/2        EV: 11    Int: 13    God:    Xom [*.....]
Gold:   0          SH:  0    Dex: 12    Spells: 1/1 levels left

rFire   . . .      SeeInvis .   a - +0 mace (chaos)
rCold   . . .      Faith    .   (no shield)
rNeg    . . .      Spirit   .   b - +2 leather armour
rPois   .          Reflect  .   (no helmet)
rElec   .          Harm     .   (no cloak)
rCorr   .          Rampage  .   (no gloves)
Will    .....                   (no boots)
Stlth   +.........              (no amulet)
HPRegen 0.08/turn               (no ring)
MPRegen 0.08/turn               (no ring)

@: no status effects
A: powered by death 1
a: Renounce Religion


You were on level 1 of the Dungeon.
You worshipped Xom.
You were a special plaything of Xom.
You visited 1 branch of the dungeon, and saw 1 of its levels.

Inventory:

Hand Weapons
 a - a +0 mace of chaos (weapon)
Missiles
 c - 9 poisoned darts (quivered)
Armour
 b - a +2 leather armour (worn)


   Skills:
 + Level 3.1 Fighting
 + Level 2.8 Maces & Flails
 + Level 2.0 Armour
 + Level 1.2 Dodging


You had one spell level left.
You didn't know any spells.
Your spell library was empty.

Dungeon Overview and Level Annotations

Branches:
Dungeon (1/15)

Altars:


Innate Abilities, Weirdness & Mutations

You regenerate a little health from kills.


Message History

The iron imp barely misses you.
You hit the iron imp but do no damage.
The iron imp is heavily wounded.
The iron imp closely misses you.
You hit the iron imp but do no damage.
The iron imp is heavily wounded.
The iron imp hits you but does no damage.
You hit the iron imp but do no damage.
The iron imp is poisoned.
The iron imp is heavily wounded.
The iron imp hits you but does no damage.
You hit the iron imp but do no damage.
The iron imp resists with some effort.
The iron imp is heavily wounded.
The iron imp barely misses you.
You hit the iron imp but do no damage.
The iron imp suddenly seems more agile.
The iron imp is severely wounded.
The iron imp hits you but does no damage.
The iron imp disappears for a moment.
You closely miss the iron imp.
The iron imp is severely wounded.
The iron imp hits you.
You barely miss the iron imp.
The iron imp is severely wounded.
The iron imp hits you.
You hit the iron imp but do no damage.
Nothing appears to happen.
The iron imp is severely wounded.
The iron imp closely misses you.
You hit the iron imp but do no damage.
The iron imp is severely wounded.
The iron imp hits you.
You barely miss the iron imp.
The iron imp is severely wounded.
The iron imp hits you!
* * * LOW HITPOINT WARNING * * *
You closely miss the iron imp.
The iron imp is severely wounded.
The iron imp hits you but does no damage.
You closely miss the iron imp.
The iron imp is severely wounded.
The iron imp looks more healthy.
The iron imp hits you!
You die...

.# #.# ##.. #..
#.######
####......##
#..........# .##
##..........#
...##.@5........#
.................#
..?..............#
........(........#
.............#####
.............#
.............#
###..........#
#.##....†....#


You could see an iron imp (summoned, agile).

Vanquished Creatures
  A dart slug (D:1)
  3 kobolds (D:1)
  A quokka (D:1)
  A ball python (D:1)
6 creatures vanquished.

Notes
Turn   | Place    | Note
-------+----------+-------------------------------------------
     0 | D:1      | siradein the Demonspawn Chaos Knight began the quest for
                  | the Orb.
     0 | D:1      | Reached XP level 1. HP: 18/18 MP: 1/1
    21 | D:1      | XOM: silly message
    31 | D:1      | Reached skill level 1 in Dodging
    46 | D:1      | Gained mutation: You regenerate a little health from kills.
                  | [demonic ancestry]
    46 | D:1      | Reached XP level 2. HP: 9/24 MP: 2/2
   130 | D:1      | XOM: silly message
   149 | D:1      | XOM: summons 1 hostile demon
   185 | D:1      | Slain by an iron imp

Illustrated notes

Levels and vault maps discovered:
D:1:      lemuel_arrival_cross, layout_rooms, serial_shops, shop,
          shapermc_ecumenical_altar_mp_highgroup, minmay_misc_feat_rugged

Skill      XL: |  1 |
---------------+----+-----
Dodging        | 1 |  1.2
Armour         | 2 |  2.0
Fighting       | |  3.1
Maces & Flails | |  2.8

Action                   || total
-------------------------++-------
Melee: Mace              ||    31
Armor: Leather armour    ||    15
Dodge: Dodged            ||    15

Table legend: (Time is in decaauts)
 A = Elapsed time spent in this place.
 B = Non-inter-level travel time spent in this place.
 C = Inter-level travel time spent in this place.
 D = Time resting spent in this place.
 E = Time spent auto-exploring this place.
 F = Levels seen in this place.
 G = Mean time per level.
                   A        B        C        D        E       F      G
               +--------+--------+--------+--------+--------+-----+--------+
         Total |    192 |    192 |      0 |      0 |    117 |   1 |  192.0 |
       Dungeon |    192 |    192 |      0 |      0 |    117 |   1 |  192.0 |
               +--------+--------+--------+--------+--------+-----+--------+

Top non-repeatable levels by time:
     D:1: 192 daAuts
